 Dungeon Crawl Stone Soup version 0.24-a0-613-g1ff6aac338 (webtiles) character file.

Game seed: 15911191704674837725, levelgen mode: deterministic

30946 CornEater the Geomancer (level 13, 0/78 HPs)
             Began as a Gargoyle Earth Elementalist on Sept 12, 2019.
             Was a High Priest of Vehumet.
             Slain by Jorgrun
             ... wielding an uncursed staff of earth
              (12 damage)
             ... on level 14 of the Dungeon.
             The game lasted 00:45:32 (15646 turns).

CornEater the Geomancer (GrEE)                     Turns: 15646, Time: 00:45:32

Health: 0/78       AC: 25    Str: 25    XL:     13   Next: 55%
Magic:  21/25      EV: 15    Int: 19    God:    Vehumet [*****.]
Gold:   267        SH:  0    Dex: 12    Spells: 14/29 levels left

rFire    + . .     SeeInvis +   o - +1 long sword of Befot {elec, Str+3}
rCold    . . .     Gourm    +   (no shield)
rNeg     + + .     Faith    .   z - +5 robe of a wizard's laboratory {rN+ SInv}
rPois    ∞         Spirit   .   (helmet restricted)
rElec    +         Reflect  .   j - +1 cloak
rCorr    .         Harm     .   k - +2 pair of gloves
MR       .....                  s - +1 pair of boots of Surprise {rF+ Dex+2}
Stlth    ++........             u - amulet of the gourmand
HPRegen  0.23/turn              M - +3 ring of strength
MPRegen  0.19/turn              n - +3 ring of evasion

@: mighty, grasped by roots, constricted
A: horns 1, negative energy resistance 1, shaggy fur 1, electricity resistance,
unbreathing, petrification resistance, rot immunity, AC +9
a: Renounce Religion


You were on level 14 of the Dungeon.
You worshipped Vehumet.
Vehumet was extremely pleased with you.
You were very full.

You visited 2 branches of the dungeon, and saw 15 of its levels.
You also visited: Ossuary.

You collected 616 gold pieces.
You spent 349 gold pieces at shops.

Inventory:

Hand Weapons
 e - a +4 dire flail of flaming
 o - the +1 long sword of Befot (weapon) {elec, Str+3}
   (You found it on level 7 of the Dungeon)

   Occasionally, upon striking a foe, it will discharge some electrical energy
   and cause terrible harm.
   It affects your strength (+3).
 q - the +2 flail of Contention {crush, rPois rC- rN++ Stlth+}
   (You found it on level 6 of the Dungeon)

   It inflicts extra damage upon your enemies.
   It makes you vulnerable to cold.
   It protects you from poison.
   It greatly protects you from negative energy.
   It makes you more stealthy.
 x - a +4 flail of freezing
Missiles
 b - 115 stones (quivered)
 f - 12 silver javelins
 y - a throwing net
Armour
 h - the -5 cloak "Vualocw" {Int+4}
   (You found it on level 7 of the Dungeon)

   It affects your intelligence (+4).
 j - a +1 cloak (worn)
 k - a +2 pair of gloves (worn)
 s - the +1 pair of boots of Surprise (worn) {rF+ Dex+2}
   (You bought it in a shop on level 7 of the Dungeon)

   It affects your dexterity (+2).
   It protects you from fire.
 z - the +5 robe of a wizard's laboratory (worn) {rN+ SInv}
   (You bought it in a shop on level 7 of the Dungeon)

   It protects you from negative energy.
   It lets you see invisible.
Magical Staves
 c - an uncursed staff of wizardry {unknown}
Jewellery
 m - an uncursed ring of protection from cold
 n - a +3 ring of evasion (right hand)
 u - an amulet of the gourmand (around neck)
 M - a +3 ring of strength (left hand)
Wands
 a - a wand of paralysis (3)
 B - a wand of acid (5)
 E - a wand of random effects (17)
 I - a wand of scattershot (2)
 N - a wand of flame (16)
Scrolls
 g - a scroll of immolation
 p - 4 scrolls of teleportation
 C - 4 scrolls of fear
 J - 4 scrolls of remove curse
 L - 5 scrolls of fog
 O - 2 scrolls of identify
Potions
 i - 3 potions of curing
 l - 3 potions of agility
 r - a potion of resistance
 v - a potion of ambrosia
 w - 2 potions of lignification
 D - a potion of haste
 G - a potion of mutation
 H - a potion of heal wounds
 Q - a potion of cancellation
Miscellaneous
 F - a lightning rod (4/4)
 K - a sack of spiders
Comestibles
 d - 27 rations
 P - 6 chunks of flesh


   Skills:
 + Level 8.2 Fighting
 + Level 7.7 Maces & Flails
 - Level 6.0 Armour
 + Level 6.5 Dodging
 - Level 2.1 Stealth
 + Level 8.8 Spellcasting
 + Level 9.9 Conjurations
   Level 0.7 Transmutations
 * Level 4.8 Fire Magic
 + Level 11.5 Earth Magic
 - Level 6.0 Evocations


You had 14 spell levels left.
You knew the following spells:

 Your Spells              Type           Power        Failure   Level  Hunger
a - Sandblast             Erth           ######       1%          1    None
b - Stone Arrow           Conj/Erth      #####.       1%          3    None
c - Lee's Rapid Deconstr  Erth           ######....   1%          5    #####..
f - Bolt of Fire          Conj/Fire      #####.....   17%         6    ######.

Your spell library contained the following spells:

 Spells                   Type           Power        Failure   Level  Hunger
 Passwall                 Tmut/Erth      ####....     1%          2    None
 Petrify                  Tmut/Erth      ####....     7%          4    ###....
 Animate Skeleton         Necr           N/A          9%          1    None
 Pain                     Necr           #...         9%          1    None
 Regeneration             Chrm/Necr      #.........   26%         3    None
 Vampiric Draining        Necr           #.........   26%         3    None
 Animate Dead             Necr           N/A          63%         4    ###....


Dungeon Overview and Level Annotations

Branches:
Dungeon (14/15)            Temple (1/1) D:5            Lair (0/6) D:8
    Orc (0/2) D:9          Vaults (0/5) D:13        Ossuary (visited)

Altars:
Ashenzari
Cheibriados
Dithmenos
Elyvilon
Fedhas
Gozag
Hepliaklqana
Kikubaaqudgha
Makhleb
Nemelex Xobeh
Okawaru
Qazlal
Ru
Sif Muna
Trog
Uskayaw
Vehumet
Wu Jian
Xom
Yredelemnul
Zin
The Shining One

Shops:
D:5 (   D:7 [   D:13 (

Annotations:
D:14 Jorgrun


Innate Abilities, Weirdness & Mutations

You are resistant to torment.
Your stone body is resilient. (AC +9)
You are immune to poison.
You resist negative energy. (rN+)
You are resistant to electric shocks. (rElec)
You can survive without breathing.
You are immune to petrification.
You are immune to rotting.
You have a pair of small horns on your head.
You are covered in fur. (AC +1)


Message History

Jorgrun hits you but does no damage. The grasping roots constrict you!
You are too injured to fight recklessly!
You are too injured to fight recklessly!
You are too injured to fight recklessly!
You barely miss Jorgrun.
Jorgrun is severely wounded.
Jorgrun hits you but does no damage.
* * * LOW HITPOINT WARNING * * *
The grasping roots constrict you!
Unknown command.
You feel much better.
Jorgrun hits you with an uncursed staff of earth!
* * * LOW HITPOINT WARNING * * *
The grasping roots constrict you!
Unknown command.
Magic courses through your body.
Jorgrun hits you with an uncursed staff of earth.
* * * LOW HITPOINT WARNING * * *
Jorgrun crushes you!
You die...

.## #....... ..###.............#
..#.#....§§§......#
....#....≈≈§≈§....# ...##...≈≈#
≈≈..(# ...##...§#
#≈...####......### # ....'...≈#
#≈...'.#.........##. ....#...§##
##≈..g#...>..........
..#.#..§≈≈###≈≈.@.#.....#.......
.####)...≈§§≈≈....#.....#.....#
.# #......÷......#..........# ##
#.............#..........##
#####.............##..........#
....###############....####...##
.......................# #....#
######.................# ##...##
##..###...........### #....#


You could see Jorgrun.

Vanquished Creatures
  4 vault guards (D:13)
  2 hydras
  2 centaur warriors (D:14)
  Erica (D:11)
  2 two-headed ogres (D:10)
  A two-headed ogre (shapeshifter) (D:10)
  A tengu warrior (D:13)
  A deep elf knight (D:10)
  Sonja (D:10)
  An unseen horror (D:10)
  3 skeletal warriors (D:12)
  A wizard (D:10)
  8 slime creatures
  A deep elf mage (D:13)
  4 cyclopes
  An ugly thing (D:13)
  A gargoyle (D:10)
  A centaur skeleton (D:13)
  A freezing wraith (D:14)
  A meliai (D:13)
  A queen bee (D:8)
  5 trolls
  Prince Ribbit (D:5)
  4 hippogriffs
  A vampire (D:13)
  6 yaks (D:11)
  A wraith (D:13)
  4 wyverns
  3 hungry ghosts
  A basilisk (D:13)
  3 vampire mosquitoes (D:13)
  3 wargs (D:8)
  A water moccasin (D:8)
  5 ice beasts
  2 phantoms
  4 orc warriors
  A slave (D:8)
  3 black bears
  3 sky beasts
  10 ogres
  2 necrophages (D:8)
  10 centaurs
  4 big kobolds
  A crocodile (D:14)
  4 elf zombies (Ossuary)
  5 bullfrogs
  A water moccasin zombie (D:7)
  3 scorpions
  3 wyvern skeletons
  4 wights (D:6)
  17 killer bees (D:8)
  A howler monkey (D:6)
  2 crimson imps
  2 quasits
  A bullfrog zombie (D:10)
  8 hounds
  3 human zombies (Ossuary)
  9 centaur zombies
  4 jellies
  10 orc wizards
  8 orc priests
  3 bullfrog skeletons
  2 iguanas
  A statue (D:5)
  10 worker ants
  A hound zombie (D:5)
  3 mummies (Ossuary)
  6 gnolls
  2 howler monkey skeletons
  11 adders
  3 shadow imps
  2 oozes
  An adder zombie (D:9)
  3 worms
  A dart slug (D:4)
  8 leopard geckos
  51 orcs
  5 giant cockroaches
  9 goblins
  5 hobgoblins
  19 jackals
  8 quokkas
  A ball python (D:3)
  A ball python skeleton (D:6)
  6 bats
  6 frilled lizards
  A jackal skeleton (D:6)
  21 kobolds
  8 rats
400 creatures vanquished.

Vanquished Creatures (others)
  A gnoll (D:7)
1 creature vanquished.

Grand Total: 401 creatures vanquished

Notes
Turn   | Place    | Note
-------+----------+-------------------------------------------
     0 | D:1      | CornEater the Gargoyle Earth Elementalist began the quest
                  | for the Orb.
     0 | D:1      | Reached XP level 1. HP: 10/10 MP: 3/3
   143 | D:1      | Reached XP level 2. HP: 15/15 MP: 3/5
   146 | D:1      | Reached skill level 4 in Earth Magic
   556 | D:1      | Reached XP level 3. HP: 18/19 MP: 6/6
   561 | D:1      | Learned a level 3 spell: Stone Arrow
   896 | D:2      | Noticed an ogre
  1359 | D:2      | Killed an ogre
  1359 | D:2      | Reached skill level 5 in Earth Magic
  1359 | D:2      | Reached XP level 4. HP: 24/24 MP: 1/8
  1359 | D:2      | Reached XP level 5. HP: 28/28 MP: 1/9
  1369 | D:2      | Learned a level 5 spell: Lee's Rapid Deconstruction
  2259 | D:4      | Found a blossoming altar of Fedhas.
  2262 | D:4      | Noticed a centaur
  2279 | D:4      | Killed a centaur
  2279 | D:4      | Reached XP level 6. HP: 14/32 MP: 8/11
  3185 | D:5      | Entered Level 5 of the Dungeon
  3207 | D:5      | Reached skill level 6 in Earth Magic
  3224 | D:5      | Found a staircase to the Ecumenical Temple.
  3232 | Temple   | Entered the Ecumenical Temple
  3399 | D:5      | Found a sand-covered staircase.
  3405 | Ossuary  | Entered an ossuary
  3423 | Ossuary  | Reached XP level 7. HP: 36/36 MP: 5/13
  3912 | Ossuary  | Reached skill level 7 in Earth Magic
  4103 | Ossuary  | Reached skill level 5 in Spellcasting
  4103 | Ossuary  | Reached XP level 8. HP: 38/41 MP: 4/15
  4104 | Ossuary  | Reached skill level 5 in Conjurations
  4271 | Ossuary  | Gained mutation: You have a pair of small horns on your
                  | head. [potion of mutation]
  4271 | Ossuary  | Gained mutation: You are covered in fur. (AC +1) [potion of
                  | mutation]
  4801 | D:5      | Noticed Prince Ribbit
  4809 | D:5      | Killed Prince Ribbit
  4809 | D:5      | Reached skill level 1 in Fighting
  4809 | D:5      | Reached skill level 1 in Maces & Flails
  4809 | D:5      | Reached skill level 1 in Armour
  4919 | D:5      | Found Vuusydy's Antique Weapon Shop.
  4949 | D:5      | Found a radiant altar of Vehumet.
  4956 | D:5      | Became a worshipper of Vehumet
  5133 | D:5      | Found a sacrificial altar of Ru.
  5411 | D:6      | HP: 2/44 [wight/cursed +2 battleaxe (12)]
  5677 | D:6      | Reached skill level 8 in Earth Magic
  5677 | D:6      | Reached XP level 9. HP: 44/48 MP: 17/17
  5812 | D:6      | Reached * piety under Vehumet
  5812 | D:6      | Offered knowledge of Sting by Vehumet.
  5993 | D:6      | Got a sapphire flail
  5994 | D:6      | Identified the cursed +2 flail of Contention {crush, rPois
                  | rC- rN++ Stlth+} (You found it on level 6 of the Dungeon)
  6441 | D:7      | Found Tahat's Antique Armour Emporium.
  6444 | D:7      | Bought a pair of distressingly furry boots for 218 gold
                  | pieces
  6449 | D:7      | Identified the +1 pair of boots of Surprise {rF+ Dex+2}
                  | (You bought it in a shop on level 7 of the Dungeon)
  6724 | D:7      | Got a spiked cloak
  6735 | D:7      | Identified the cursed -5 cloak "Vualocw" {Int+4} (You found
                  | it on level 7 of the Dungeon)
  6772 | D:7      | Got a shimmering long sword
  6773 | D:7      | Identified the cursed +1 long sword of Befot {elec, Str+3}
                  | (You found it on level 7 of the Dungeon)
  6907 | D:7      | Offered knowledge of Shock by Vehumet.
  7229 | D:7      | Found a snail-covered altar of Cheibriados.
  7230 | D:7      | Found a stormy altar of Qazlal.
  7358 | D:7      | Bought a shadowed robe for 131 gold pieces
  7368 | D:7      | Identified the +5 robe of a wizard's laboratory {rN+ SInv}
                  | (You bought it in a shop on level 7 of the Dungeon)
  7480 | D:8      | Noticed a queen bee
  7492 | D:8      | Reached ** piety under Vehumet
  7505 | D:8      | Killed a queen bee
  7505 | D:8      | Reached skill level 1 in Evocations
  7514 | D:8      | Reached XP level 10. HP: 30/56 MP: 2/19
  7954 | D:8      | Reached skill level 9 in Earth Magic
  8088 | D:8      | Found a staircase to the Lair.
  8125 | D:8      | Offered knowledge of Inner Flame by Vehumet.
  8315 | D:8      | Reached *** piety under Vehumet
  9055 | D:9      | Found a staircase to the Orcish Mines.
  9068 | D:9      | Offered knowledge of Sticky Flame by Vehumet.
  9204 | D:9      | Reached skill level 5 in Fighting
  9282 | D:9      | Reached skill level 5 in Armour
  9694 | D:10     | Entered Level 10 of the Dungeon
  9694 | D:10     | Noticed a two-headed ogre
  9802 | D:10     | Noticed a two-headed ogre
  9809 | D:10     | Killed a two-headed ogre
  9809 | D:10     | Reached skill level 5 in Maces & Flails
  9809 | D:10     | Reached XP level 11. HP: 64/64 MP: 5/21
  9966 | D:10     | Noticed Sonja
  9971 | D:10     | Killed Sonja
 10074 | D:10     | Noticed a cyclops
 10078 | D:10     | Killed a cyclops
 10133 | D:10     | Identified the cursed +1 leather armour "Gumpie" {+Fly
                  | rPois Str-3 SInv}
 10139 | D:10     | Reached **** piety under Vehumet
 10238 | D:10     | Offered knowledge of Force Lance by Vehumet.
 10286 | D:10     | Killed a two-headed ogre
 10505 | D:10     | Noticed an unseen horror
 10518 | D:10     | Killed an unseen horror
 10518 | D:10     | Reached skill level 10 in Earth Magic
 10647 | D:10     | Noticed a wizard
 10650 | D:10     | Killed a wizard
 10650 | D:10     | Reached skill level 5 in Dodging
 10656 | D:10     | Noticed a deep elf knight
 10663 | D:10     | Killed a deep elf knight
 10666 | D:10     | Noticed a sea snake
 10671 | D:10     | Noticed a two-headed ogre
 10671 | D:10     | a sea snake changed into a two-headed ogre
 10674 | D:10     | Killed a two-headed ogre
 10788 | D:10     | Found the +0 Maxwell's etheric cage {RegenMP+ *Contam rElec
                  | MP+4}
 10801 | D:10     | Got a dazzling battleaxe
 11296 | D:11     | Reached XP level 12. HP: 71/71 MP: 14/23
 11313 | D:11     | Found a hazy altar of Hepliaklqana.
 11653 | D:11     | Noticed Erica
 11658 | D:11     | Killed Erica
 12434 | D:12     | Reached skill level 5 in Evocations
 12635 | D:12     | Identified the +4 battleaxe of Nuraash {freeze, *Noise rC+
                  | Dex+4} (You found it on level 10 of the Dungeon)
 12934 | D:12     | Reached ***** piety under Vehumet
 12934 | D:12     | Offered knowledge of Bolt of Fire by Vehumet.
 13046 | D:12     | Learned a level 6 spell: Bolt of Fire
 13340 | D:12     | Reached skill level 1 in Fire Magic
 13668 | D:13     | Noticed a five-headed hydra
 13673 | D:13     | Killed a five-headed hydra
 13677 | D:13     | Reached skill level 11 in Earth Magic
 13840 | D:13     | Noticed a tengu warrior
 13853 | D:13     | Killed a tengu warrior
 13853 | D:13     | Reached XP level 13. HP: 70/78 MP: 7/25
 13856 | D:13     | Noticed a vault guard
 13856 | D:13     | Noticed a vault guard
 13857 | D:13     | Noticed a vault guard
 13857 | D:13     | Noticed a vault guard
 14082 | D:13     | Killed a vault guard
 14193 | D:13     | Found a gate to the Vaults.
 14244 | D:13     | Killed a vault guard
 14253 | D:13     | Killed a vault guard
 14441 | D:13     | Killed a vault guard
 14975 | D:13     | Found Puifaun's Weapon Shop.
 15636 | D:14     | Noticed Jorgrun
 15646 | D:14     | Slain by Jorgrun

Levels and vault maps discovered:
D:1:      scummos_arrival_gate, layout_basic, chequers_serial_rivers_micro_e,
          minmay_tetromino_t4
D:2:      layout_basic
D:3:      layout_basic
D:4:      layout_loops_ring, fedhas_bush_and_centaur_altar,
          kennysheep_minor_cross
D:5:      layout_loops_corners, vehumet_statue, temple_fountains,
          nicolae_ossuary_entry_plus, serial_shops, kennysheep_mini,
          basic_altar, first_ration, amethyst_killhole, uniq_prince_ribbit1
D:6:      layout_rooms, corexii_item_surrounded_by_moat
D:7:      layout_loops_corners, gammafunk_temple_overflow_wave, serial_shops,
          shop, minmay_misc_feat_rugged
D:8:      layout_loops_ring, erik_lair_orcish_takeover, serial_co_window_serial,
          co_window_paths_a, co_window_corner_a, co_window_paths_a,
          co_window_paths_a, co_window_paths_b, co_window_cross_2,
          co_window_corner_cb, co_window_broadway_a, co_window_unsneaky_path_e,
          co_window_corner_cb, co_window_of_opportunity_b, co_window_sun,
          co_window_paths_d, glass_columns_a, david_nohive_1,
          serial_bayou_pond_b, uniq_pikel
D:9:      layout_roguey, david_orc_3, kennysheep_decorative_pillar
D:10:     minmay_shrinking_squares, layout_stronghold, minivault_20,
          minmay_misc_feat_enclosed, minmay_starry_boxes, uniq_sonja
D:11:     layout_basic, basic_altar, lemuel_old_faithful, uniq_erica
D:12:     layout_loops_ring
D:13:     layout_irregular_city, lightli_vaults_fourway_checkpoint,
          serial_shops, shop
D:14:     layout_layer_cave, kennysheep_path_1, minmay_splitting_lines,
          uniq_jorgrun, uniq_rupert
Temple:   regret_index_temple_mists

Skill      XL: |  1  2  3  4  5  6  7  8  9 10 11 12 13 |
---------------+----------------------------------------+-----
Earth Magic    | 4 5 6 7 8 9 10 11 | 11.5
Spellcasting   | 3 4 5 6 7 8 |  8.8
Conjurations   | 2 3 4 5 6 7 8 9 |  9.9
Fighting       | 2 4 5 6 7 8 |  8.2
Maces & Flails | 2 3 5 6 7 |  7.7
Armour         | 2 3 5 6 |  6.0
Dodging        | 2 3 4 5 6 |  6.5
Evocations     | 1 3 4 5 6 |  6.0
Fire Magic     | 3 4 |  4.8
Stealth        | |  2.1
Transmutations | |  0.7

Action                   |  1- 3 |  4- 6 |  7- 9 | 10-12 | 13-15 || total
-------------------------+-------+-------+-------+-------+-------++-------
Melee: Unarmed           |    10 |       |       |       |       ||    10
       Whip              |   121 |   173 |   122 |       |       ||   416
       Headbutt          |       |       |    27 |    83 |    12 ||   122
       Dire flail        |       |       |    91 |       |       ||    91
       Long sword        |       |       |    24 |   363 |    49 ||   436
 Cast: Sandblast         |    20 |    36 |    72 |    52 |    26 ||   206
       Stone Arrow       |     1 |       |     3 |    40 |     7 ||    51
       Lee's Rapid Decon |       |       |    16 |    48 |    14 ||    78
       Bolt of Fire      |       |       |       |       |    17 ||    17
Evoke: Wand              |       |       |    21 |     8 |     7 ||    36
       Lightning rod     |       |       |       |     4 |       ||     4
  Use: Scroll            |     3 |     3 |    16 |    12 |     1 ||    35
       Potion            |       |     1 |     6 |     2 |     4 ||    13
 Stab: Sleeping          |     1 |     1 |     2 |     4 |       ||     8
       Paralysed         |       |       |     9 |       |       ||     9
       Distracted        |       |       |     1 |       |       ||     1
  Eat: Chunk             |     2 |     6 |    19 |    41 |    15 ||    83
       Ration            |       |     1 |     1 |       |       ||     2
Armor: Robe              |    52 |    64 |    96 |   206 |    49 ||   467
Dodge: Dodged            |    96 |   187 |   271 |   462 |    89 ||  1105
       Rpst.: Long sword |       |       |    21 |   138 |    16 ||   175

Table legend:
 A = Non-vault XP
 B = Vault XP
 C = Vault XP percentage of total XP
 D = Non-vault monster count
 E = Vault monster count
 F = Vault count percentage of total count
                 A         B        C        D         E       F
            +---------+---------+-------+---------+---------+-------
      Total |   29660 |   14549 |  32.9 |     321 |      79 |  19.8
            +---------+---------+-------+---------+---------+-------
        D:1 |      33 |       2 |   5.7 |      18 |       1 |   5.3
        D:2 |     167 |       0 |   0.0 |      25 |       0 |   0.0
        D:3 |      45 |       0 |   0.0 |      13 |       0 |   0.0
        D:4 |     120 |     112 |  48.3 |      19 |       1 |   5.0
        D:5 |     265 |     291 |  52.3 |      12 |       2 |  14.3
        D:6 |    1074 |       0 |   0.0 |      30 |       0 |   0.0
        D:7 |     714 |       0 |   0.0 |      25 |       0 |   0.0
        D:8 |    1751 |    2156 |  55.2 |      24 |      27 |  52.9
        D:9 |     918 |     191 |  17.2 |      23 |       7 |  23.3
       D:10 |    4416 |    4883 |  52.5 |      26 |      15 |  36.6
       D:11 |    1632 |     912 |  35.8 |      19 |       1 |   5.0
       D:12 |    7046 |       0 |   0.0 |      41 |       0 |   0.0
       D:13 |    6972 |    5220 |  42.8 |      36 |      10 |  21.7
       D:14 |    4507 |       0 |   0.0 |      10 |       0 |   0.0
    Ossuary |       0 |     782 | 100.0 |       0 |      15 | 100.0
            +---------+---------+-------+---------+---------+-------
